cohdb
Replays
Latest Replays
All Replays
Popular Replays
Top Player Replays
Match Explorer
How It Works
Community
CoH3 Stats
Reddit
Sign in to upload your games and track your stats! →
Sign in with Steam
Match 41789041
Unlisted
Match 41789041
Overview
Messages
Build Orders
End
Selects Italian Coastal Battlegroup
Selects Coastal Reserves
Coastal Reserve
Construct Infanterie Kompanie
MG 42 Machine Gun Team
Coastal Reserve
Coastal Reserve
Infanterie Officer Quarters
Coastal Reserve
Selects Support Bunkers
Medical Bunker
Selects Artillery Officer
Construct Panzergrenadier Kompanie
Artillery Officer
Support Elements
Selects Coastal Wall
Nebelwerfer 42 Rocket Launcher Team
Selects Designated Artillery Overwatch
Coastal Reserve
Designated Artillery Overwatch
Kylen
runningDuck
Prime
raven182
Sponge Bob
Minimizen
bl4ckjack
CalmSassarShow
0
0
Comments
sign in to comment!
No comments posted yet!